 Dungeon Crawl Stone Soup version 0.17.0-73-gb648821 (webtiles) character file.

77 bakira the Magician (level 4, -1/27 HPs)
             Began as a High Elf Wizard on Dec 11, 2015.
             Was an Initiate of Okawaru.
             Killed by nerve-wracking pain
             ... invoked by Grinder
              (6 damage)
             ... while paralysed by Grinder
             ... on level 3 of the Dungeon.
             The game lasted 00:42:56 (2290 turns).

bakira the Magician (High Elf Wizard)               Turns: 2290, Time: 00:42:56

Health: -1/27      AC:  5    Str:  6    XL:     4   Next: 14%
Magic:  2/11       EV:  2    Int: 22    God:    Okawaru [......]
Gold:   103        SH:  0    Dex: 14    Spells: 4 memorised, 4 levels left

rFire  . . .     SeeInvis .     p - +0 hand axe
rCold  . . .     Clarity  .     J - +0 ring mail
rNeg   . . .     SustAt   .     (no shield)
rPois  .         Gourm    .     b - +0 hat
rElec  .         Spirit   .     (no cloak)
rCorr  .         Warding  .     (no gloves)
rMut   .         Stasis   .     (no boots)
MR     .....                    (no amulet)
Stlth  ++........               (no ring)
                                (no ring)

@: paralysed, very slightly contaminated, not resistant to hostile enchantments,
unstealthy
A: no striking features
a: Renounce Religion


You were on level 3 of the Dungeon.
You worshipped Okawaru.
Okawaru was noncommittal.
You were not hungry.

You visited 1 branch of the dungeon, and saw 3 of its levels.

You collected 103 gold pieces.

Inventory:

Hand Weapons
 h - a +0 club
 k - a +0 club
 o - a +0 club
 p - a +0 hand axe (weapon)
 q - a +0 mace
Missiles
 g - 36 stones
 l - 18 poisoned needles
 n - 14 bolts of frost
 r - 14 needles of slowing (quivered)
Armour
 a - a +0 ring mail
 b - a +0 hat (worn)
 y - a +0 robe
 J - a +0 ring mail (worn)
Scrolls
 e - 4 scrolls of identify
 f - a scroll of fear
Potions
 j - a potion of heal wounds
 s - a potion of curing
Books
 c - a book of Minor Magic

   Spells                             Type                      Level
   a - Magic Dart                     Conjuration                  1
   b - Blink                          Translocation                2
   c - Call Imp                       Summoning                    2
   d - Repel Missiles                 Charms/Air                   2
   e - Slow                           Hexes                        2
   f - Conjure Flame                  Conjuration/Fire             3
   g - Mephitic Cloud                 Conjuration/Poison/Air       3
Comestibles
 d - 2 bread rations
 i - a slice of pizza
 m - 3 chunks of flesh
 z - a beef jerky


   Skills:
 + Level 0.2 Fighting
 + Level 0.1 Armour
 + Level 3.1 Dodging
 + Level 2.9 Stealth
 + Level 4.3 Spellcasting
 + Level 2.2 Conjurations
 + Level 0.8 Summonings
 + Level 1.1 Translocations


You had 4 spell levels left.
You knew the following spells:

 Your Spells              Type           Power        Failure   Level  Hunger
a - Magic Dart            Conj           ##..         21%         1    None
b - Blink                 Tloc           N/A          45%         2    #......
c - Call Imp              Summ           #.......     58%         2    #......
d - Slow                  Hex            #.......     71%         2    #......


Dungeon Overview and Level Annotations

Branches:
Dungeon (3/15)

Altars:
Okawaru

Annotations:
D:3 Grinder


Message History

Confirm with . or Enter, or press ? or * to list all spells.
Aiming: Magic Dart
Press: ? - help, Shift-Dir - straight line, f/p - adder
Aim: an adder (severely wounded)
The magic dart hits the adder.
You kill the adder!
Okawaru accepts your kill. Grinder gestures at you.
Your crimson imp easily resists.
Your crimson imp blinks!
You see here an adder corpse.
Grinder gestures at you.
You barely resist. Grinder gestures at you.
You suddenly lose the ability to move!
Grinder says, "Mostly I couldn't keep them alive."
Grinder gestures at you.
You shrug off the repeated paralysis!
Your crimson imp hits Grinder.
Grinder gestures at you. Pain shoots through your body!
You die...

#. # #.
#.############ #.
...........### #.
#............ #.
#.........#######.
#.........##...(..
#...55....##......
#@####.#####......
#.# #†#####......
#.# #.##..?...##.
#.####.##......###
#......5.......#
######.##......#
...#.......#
#####.......#
#...(...#


You could see Grinder and a friendly crimson imp.

Vanquished Creatures
  2 adders (D:3)
  2 oozes
  A giant gecko (D:1)
  6 bats
  5 giant cockroaches
  6 goblins
  10 hobgoblins
  3 kobolds (D:1)
  A quokka (D:2)
  3 giant newts
  3 jackals (D:1)
  5 rats
47 creatures vanquished.

Notes
Turn   | Place    | Note
--------------------------------------------------------------
     0 | D:1      | bakira the High Elf Wizard began the quest for the Orb.
     0 | D:1      | Reached XP level 1. HP: 11/11 MP: 6/6
    18 | D:1      | Noticed a polar bear
    18 | D:1      | Noticed a salamander
    18 | D:1      | Noticed a wolf
    76 | D:1      | Noticed an iguana
   102 | D:1      | Reached XP level 2. HP: 13/17 MP: 0/7
   489 | D:1      | Reached skill level 4 in Spellcasting
   555 | D:1      | Learned a level 2 spell: Blink
   558 | D:1      | Learned a level 2 spell: Call Imp
   561 | D:1      | Learned a level 2 spell: Slow
   697 | D:1      | Reached XP level 3. HP: 16/21 MP: 6/9
  1321 | D:2      | Found an iron altar of Okawaru.
  1329 | D:2      | Became a worshipper of Warmaster Okawaru
  2156 | D:3      | Reached XP level 4. HP: 27/27 MP: 4/11
  2214 | D:3      | Noticed Grinder
  2219 | D:3      | Paralysed by Grinder for 4 turns
  2287 | D:3      | Paralysed by Grinder for 7 turns
  2290 | D:3      | Killed from afar by Grinder

Action                   |  1- 3 |  4- 6 || total
-------------------------+-------+-------++-------
Melee: Unarmed           |    14 |       ||    14
       Hand axe          |    41 |     2 ||    43
 Cast: Magic Dart        |   101 |    10 ||   111
       Call Imp          |       |     1 ||     1
  Use: Scroll            |     9 |       ||     9
       Potion            |     4 |       ||     4
 Stab: Sleeping          |     1 |       ||     1
  Eat: Meat ration       |     1 |       ||     1
